 Dungeon Crawl Stone Soup version 0.22.1-2-g9c5b331 (webtiles) character file.

1989 teukkam the Covered (level 9, -6/111 HPs)
             Began as a Minotaur Fighter on Nov 22, 2018.
             Was a Priest of Vehumet.
             Mangled by Erica
             ... wielding a +0 scimitar of flaming
              (7 damage)
             ... on level 8 of the Dungeon.
             The game lasted 00:27:30 (5359 turns).

teukkam the Covered (Minotaur Fighter)              Turns: 5359, Time: 00:27:31

Health: -6/111     AC: 12    Str: 30    XL:     9   Next: 1%
Magic:  13/13      EV: 10    Int:  7    God:    Vehumet [***...]
Gold:   446        SH:  0    Dex:  9    Spells: 11/15 levels left

rFire    + + .     SeeInvis .   a - +0 war axe (elec)
rCold    x . .     Gourm    .   (no shield)
rNeg     . . .     Faith    +   K - +1 fire dragon scales
rPois    .         Spirit   .   (helmet restricted)
rElec    .         Reflect  .   (no cloak)
rCorr    +         Harm     .   i - +0 pair of gloves
MR       .....                  (no boots)
Stlth    ..........             G - amulet of faith
HPRegen  0.28/turn              h - ring of resist corrosion
MPRegen  0.13/turn              o - +2 ring of intelligence

@: berserking (expiring), lethally poisoned (-6 -> -27), marked, fainting,
hasted and slowed
A: retaliatory headbutt, horns 2
a: Renounce Religion


You were on level 8 of the Dungeon.
You worshipped Vehumet.
Vehumet was most pleased with you.
You were fainting.

You visited 1 branch of the dungeon, and saw 8 of its levels.

You collected 446 gold pieces.

Inventory:

Hand Weapons
 a - a +0 war axe of electrocution (weapon)
 b - a +0 blowgun
 d - a +0 shortbow
 g - a +0 war axe
 r - a cursed -2 hunting sling
 y - a +0 falchion
 C - a +4 short sword
Missiles
 k - 78 poisoned needles
 q - 291 stones (quivered)
 u - 154 arrows
 D - 5 tomahawks
Armour
 c - a +0 shield
 i - a +0 pair of gloves (worn)
 K - +1 fire dragon scales (worn)
Jewellery
 h - a ring of resist corrosion (left hand)
 m - an uncursed amulet of regeneration
 o - a +2 ring of intelligence (right hand)
 G - an amulet of faith (around neck)
Wands
 n - a wand of iceblast (8)
Scrolls
 H - a scroll of remove curse
 I - a scroll of identify
Potions
 j - 4 potions of haste
 x - a potion of degeneration {unknown}
 A - a potion of agility {unknown}
 F - a potion of invisibility {unknown}
Comestibles
 f - 12 rations


   Skills:
 - Level 5.6 Fighting
 - Level 5.9 Long Blades
 + Level 5.5 Axes
 - Level 5.9 Armour
 - Level 4.1 Shields
 + Level 3.6 Spellcasting
 + Level 4.0 Conjurations


You had 11 spell levels left.
You knew the following spells:

 Your Spells              Type           Power        Failure   Level  Hunger
a - Magic Dart            Conj           #...         4%          1    ##.....
b - Mephitic Cloud        Conj/Pois/Air  #.......     30%         3    ####...
Your spell library was empty.

Dungeon Overview and Level Annotations

Branches:
Dungeon (8/15)             Temple (0/1) D:6
   Lair: D:8-11

Altars:
Dithmenos
Hepliaklqana
Kikubaaqudgha
Makhleb
Nemelex Xobeh
Vehumet
Wu Jian
Xom
Yredelemnul
Zin
The Shining One

Shops:
D:3 *

Annotations:
D:8 Erica, Harold


Innate Abilities, Weirdness & Mutations

You reflexively headbutt those who attack you in melee.
You have a pair of horns on your head.


Message History

Harold points at you and mumbles some strange words.
A sentinel's mark forms upon you.
You struggle against the net.
You feel a strong urge to attack something.
* * * LOW HITPOINT WARNING * * *
You feel sick.
The vampire mosquito bites you but does no damage.
Something hits you but does no damage. The scorpion stings you.
* * * LOW HITPOINT WARNING * * *
The hungry ghost hits you.
You feel slightly more hungry. The vampire mosquito bites you.
* * * LOW HITPOINT WARNING * * *
The vampire mosquito draws strength from your injuries!
Harold casts a spell at you. The mark upon you grows brighter.
You rip the net and break free!
* * * LOW HITPOINT WARNING * * *
You feel very sick. The vampire mosquito barely misses you. Something hits you!
You die...

... .. ...## .# .. .....##
#.#### .. .#.5<..##.....# ...
............... Z..
.......a....... .s.#
......y{Wh.....
.y.a#####.....ys@@......
..Y5.....###############
5.>.y....# #≈≈≈≈≈≈≈≈#
...Yy....####........####
...###................._#
.!$####..####........####
.........# #≈≈≈≈≈≈≈≈# ###..
#.###....################......
......#.>.....# #..#..<....##


You could see Harold, a hungry ghost, a hog shaped shifter, a vampire mosquito,
a scorpion, a worker ant, a killer bee and a crimson imp.

Vanquished Creatures
  A yak (D:8)
  An ogre (D:7)
  2 ice beasts (D:8)
  A black bear (D:6)
  2 phantoms
  3 centaurs
  2 big kobolds
  A bullfrog (D:7)
  2 scorpions
  2 killer bees (D:8)
  A crimson imp (D:5)
  A bullfrog skeleton (D:5)
  A centaur skeleton (D:6)
  3 hounds
  An orc priest (D:5)
  2 orc wizards
  6 worker ants
  A hound skeleton (D:4)
  14 adders
  A shadow imp (D:7)
  An adder zombie (D:8)
  2 adder skeletons (D:4)
  4 worms
  A dart slug (D:1)
  5 leopard geckos
  19 orcs
  2 ball pythons
  2 giant cockroaches
  4 goblins
  7 hobgoblins
  10 jackals
  5 quokkas
  8 bats
  4 frilled lizards
  17 kobolds
  6 rats
145 creatures vanquished.

Vanquished Creatures (others)
  An orc wizard (D:4)
1 creature vanquished.

Grand Total: 146 creatures vanquished

Notes
Turn   | Place    | Note
-------+----------+-------------------------------------------
     0 | D:1      | teukkam the Minotaur Fighter began the quest for the Orb.
     0 | D:1      | Reached XP level 1. HP: 19/19 MP: 0/0
    96 | D:1      | Reached XP level 2. HP: 23/27 MP: 1/1
   282 | D:2      | Reached XP level 3. HP: 34/34 MP: 2/2
   412 | D:5      | Entered Level 5 of the Dungeon
   460 | D:5      | Reached skill level 5 in Fighting
   460 | D:5      | Reached XP level 4. HP: 39/42 MP: 3/3
   464 | D:5      | Found a basalt altar of Yredelemnul.
   470 | D:5      | Found a shimmering altar of Xom.
   475 | D:5      | Found a burning altar of Makhleb.
   567 | D:5      | Reached XP level 5. HP: 34/48 MP: 4/4
   907 | D:2      | Reached skill level 5 in Armour
   978 | D:4      | Reached skill level 1 in Long Blades
  1353 | D:4      | Reached XP level 6. HP: 56/56 MP: 5/5
  1578 | D:3      | Found a faded altar of an unknown god.
  1587 | D:3      | Became a worshipper of Vehumet
  1587 | D:3      | Reached * piety under Vehumet
  1587 | D:3      | Offered knowledge of Magic Dart by Vehumet.
  1590 | D:3      | Learned a level 1 spell: Magic Dart
  1946 | D:3      | Found Zin's Purification Station.
  1947 | D:3      | Found a glowing silver altar of Zin.
  3304 | D:5      | Offered knowledge of Searing Ray by Vehumet.
  3304 | D:5      | Reached ** piety under Vehumet
  3314 | D:5      | Reached skill level 1 in Spellcasting
  3314 | D:5      | Reached skill level 1 in Conjurations
  3314 | D:5      | Reached XP level 7. HP: 32/61 MP: 7/7
  3465 | D:5      | You fall through a shaft for 3 floors!
  3492 | D:6      | Found a hazy altar of Hepliaklqana.
  3965 | D:6      | Reached skill level 5 in Long Blades
  4012 | D:6      | Found a glowing golden altar of the Shining One.
  4012 | D:6      | Found an ornate altar of the Wu Jian Council.
  4081 | D:6      | Found a shadowy altar of Dithmenos.
  4331 | D:6      | Found a staircase to the Ecumenical Temple.
  4348 | D:6      | Reached XP level 8. HP: 67/69 MP: 10/10
  4635 | D:7      | Offered knowledge of Mephitic Cloud by Vehumet.
  4640 | D:7      | Learned a level 3 spell: Mephitic Cloud
  4946 | D:7      | Reached *** piety under Vehumet
  4961 | D:7      | Found a sparkling altar of Nemelex Xobeh.
  5116 | D:8      | Reached skill level 5 in Axes
  5151 | D:8      | Found an ancient bone altar of Kikubaaqudgha.
  5339 | D:8      | Noticed Harold
  5339 | D:8      | Noticed Erica
  5352 | D:8      | Noticed an orb spider
  5352 | D:8      | a golden eye changed into an orb spider
  5354 | D:8      | HP: 3/69 [killer bee (1)]
  5354 | D:8      | HP: 1/69 [something (2)]
  5356 | D:8      | an orb spider changed into a hog
  5357 | D:8      | Reached XP level 9. HP: 17/74 MP: 13/13
  5359 | D:8      | HP: 1/111 [poisoned by Erica (bolt of poison)]
  5359 | D:8      | Mangled by Erica

Skill      XL: |  1  2  3  4  5  6  7  8 |
---------------+-------------------------+-----
Fighting       | 4 5 |  5.6
Axes           | 3 5 |  5.5
Armour         | 4 5 |  5.9
Long Blades    | 2 3 5 |  5.9
Shields        | 4 |  4.1
Spellcasting   | 1 2 3 |  3.6
Conjurations   | 1 2 4 |  4.0

Action                   |  1- 3 |  4- 6 |  7- 9 || total
-------------------------+-------+-------+-------++-------
Melee: War axe           |    65 |    33 |    53 ||   151
       Headbutt          |     7 |    37 |    20 ||    64
       Falchion          |       |   150 |    81 ||   231
 Fire: Blowgun           |       |       |     2 ||     2
Throw: Stone             |       |    22 |       ||    22
 Cast: Magic Dart        |       |     7 |    27 ||    34
Evoke: Wand              |       |       |     2 ||     2
  Use: Scroll            |     2 |     6 |     6 ||    14
       Potion            |       |     2 |     7 ||     9
  Eat: Ration            |       |     2 |     1 ||     3
       Chunk             |       |     2 |     4 ||     6
Armor: Scale mail        |    34 |    60 |       ||    94
       Leather armour    |       |    25 |    12 ||    37
       Fire dragon scale |       |       |    96 ||    96
Dodge: Dodged            |    36 |    89 |    94 ||   219
Block: Shield            |    47 |    78 |       ||   125
       Rpst.: Falchion   |       |    22 |    10 ||    32
